 Dungeon Crawl Stone Soup version 0.29-a0-218-gf2abdc9806 (webtiles) character file.

Game seed: 2127492066467773993

202 Aksej the Skirmisher (level 5, 0/42 HPs)
             Began as a Demonspawn Monk on Feb 25, 2022.
             Slain by an orc
             ... wielding a +0 war axe
              (8 damage)
             ... on level 4 of the Dungeon.
             The game lasted 00:05:25 (2990 turns).

Aksej the Skirmisher (Demonspawn Monk)              Turns: 2990, Time: 00:05:26

Health: 0/42       AC:  3    Str: 13      XL:     5   Next: 50%
Magic:  5/5        EV: 12    Int: 10 (11) God:
Gold:   142        SH:  0    Dex: 16      Spells: 4/4 levels left

rFire   . . .      SeeInvis .   a - +0 mace (vamp)
rCold   . . .      Faith    .   (no shield)
rNeg    . . .      Spirit   .   j - +0 leather armour
rPois   .          Reflect  .   (helmet restricted)
rElec   .          Harm     .   (no cloak)
rCorr   .          Rampage  .   (no gloves)
Will    .....                   (no boots)
Stlth   +.........              f - amulet of regeneration
HPRegen 0.94/turn               (no ring)
MPRegen 0.09/turn               (no ring)

@: confused
A: hooves 1, horns 2, demonic touch 1, deterioration 1
a: no special abilities


You were on level 4 of the Dungeon.
You visited 1 branch of the dungeon, and saw 4 of its levels.

You collected 142 gold pieces.

Inventory:

Hand Weapons
 a - a +0 vampiric mace (weapon)
Armour
 j - a +0 leather armour (worn)
Jewellery
 f - an amulet of regeneration (around neck)
 k - an amulet of reflection
Scrolls
 e - 2 scrolls of blinking
 l - a scroll of teleportation
Potions
 b - 3 potions of berserk rage
 d - a potion of heal wounds {unknown}
 g - a potion of cancellation {unknown}
 h - a potion of lignification {unknown}
 i - a potion of brilliance {unknown}


   Skills:
 * Level 4.2 Fighting
 + Level 3.7 Maces & Flails
 + Level 1.2 Armour
 + Level 3.2 Dodging
 + Level 2.5 Stealth
 * Level 1.1 Unarmed Combat


You had 4 spell levels left.
You didn't know any spells.
Your spell library contained the following spells:

 Spells                   Type           Power      Damage    Failure   Level
 Ensorcelled Hibernation  Hex/Ice        0%         N/A       58%         2
 Conjure Flame            Conj/Fire      0%         6-21      82%         3
 Gell's Gravitas          Tloc           0%         N/A       82%         3
 Ignite Poison            Fire/Tmut/Pois 0%         N/A       82%         3
 Lesser Beckoning         Tloc           0%         N/A       82%         3
 Spider Form              Tmut/Pois      0%         N/A       82%         3
 Teleport Other           Tloc           0%         N/A       82%         3
 Anguish                  Hex/Necr       0%         N/A       99%         4
 Sticky Flame             Conj/Fire      0%         2d3       99%         4


Dungeon Overview and Level Annotations

Branches:
Dungeon (4/15)
 Temple: D:4-7

Altars:
Gozag
Vehumet


Innate Abilities, Weirdness & Mutations

You have large cloven feet.
You have a pair of horns on your head.
Your touch may inflict minor irresistible damage on your foes.
Your body sometimes deteriorates upon taking damage.


Message History

You kill the orc priest!
Something hits you. The orc hits you with a +0 war axe.
The kobold barely misses you. Something hits you.
Your Unarmed Combat skill increases to level 1!
You barely miss something. Your kick misses something.
Your touch misses something. The orc misses you. The kobold barely misses you.
The kobold throws a stone.
The stone closely misses you. Something hits you. The orc barely misses you.
The kobold hits you but does no damage.
You barely miss something. You kick something. Your touch misses something.
Something hits you. The orc hits you with a +0 war axe!
* * * LOW HITPOINT WARNING * * *
The kobold completely misses you.
You closely miss something. Your kick misses something.
Your headbutt misses something. Your touch misses something.
Something hits you.
* * * LOW HITPOINT WARNING * * *
The orc hits you with a +0 war axe.
* * * LOW HITPOINT WARNING * * *
The kobold barely misses you.
You feel better. Something hits you but does no damage.
The orc hits you with a +0 war axe!
* * * LOW HITPOINT WARNING * * *
The kobold hits you but does no damage.
The kobold throws a stone.
The stone hits you.
* * * LOW HITPOINT WARNING * * *
The kobold throws a stone.
The stone misses you.
The kobold throws a stone.
The stone hits you but does no damage.
You hear some strange, mumbled words.
You are confused.
You bump into the rock wall.
You bump into the rock wall.
You hear some strange, mumbled words.
A puff of flame appears from out of thin air!
The puff of flame hits you.
* * * LOW HITPOINT WARNING * * *
The orc closely misses you.
You bump into the rock wall.
Something hits you.
* * * LOW HITPOINT WARNING * * *
The orc hits you with a +0 war axe!
You die...

#...# ## #...##
##.#### #....#
##.....### #...##
#...?....# #...#
##........## ##..#
#..........## #..##
............#####.#
.............# #@o#
......)......###{##
....!..........KK#
................##
.............#..#
.............#..#
............##.##
..........[.##.#
..........#..#


You could see an orc and 2 kobolds.

Vanquished Creatures
  An orc priest (D:4)
  2 iguanas (D:4)
  6 adders
  A worm (D:2)
  14 ball pythons
  2 bats
  3 endoplasms (D:1)
  3 giant cockroaches
  4 hobgoblins
  3 jackals (D:1)
  6 kobolds
  3 quokkas
  5 frilled lizards
  7 goblins
  7 rats
67 creatures vanquished.

Vanquished Creatures (others)
  3 fungi (D:2)
3 creatures vanquished.

Grand Total: 70 creatures vanquished

Notes
Turn   | Place    | Note
-------+----------+-------------------------------------------
     0 | D:1      | Aksej the Demonspawn Monk began the quest for the Orb.
     0 | D:1      | Reached XP level 1. HP: 18/18 MP: 1/1
   475 | D:1      | Discovered your monstrous ancestry.
   475 | D:1      | Gained mutation: You have a pair of small horns on your
                  | head. [demonic ancestry]
   475 | D:1      | Reached XP level 2. HP: 24/24 MP: 2/2
   486 | D:1      | Found a faded altar of an unknown god.
   817 | D:1      | Reached XP level 3. HP: 27/29 MP: 3/3
   856 | D:1      | You fall into a shaft and drop 1 floor!
  1270 | D:2      | Found a radiant altar of Vehumet.
  1434 | D:2      | Gained mutation: Your body sometimes deteriorates upon
                  | taking damage. [potion of mutation]
  1434 | D:2      | Gained mutation: You have a pair of horns on your head.
                  | [potion of mutation]
  1452 | D:2      | Gained mutation: Your touch may inflict minor irresistible
                  | damage on your foes. [demonic ancestry]
  1452 | D:2      | Reached XP level 4. HP: 37/37 MP: 4/4
  1470 | D:2      | Reached skill level 4 in Fighting
  2859 | D:4      | Gained mutation: You have large cloven feet. [demonic
                  | ancestry]
  2859 | D:4      | Reached XP level 5. HP: 31/42 MP: 5/5
  2884 | D:4      | Reached skill level 1 in Armour
  2897 | D:4      | Found an opulent altar of Gozag.
  2973 | D:4      | Reached skill level 1 in Unarmed Combat
  2975 | D:4      | HP: 1/42 [orc/+0 war axe (4)]
  2990 | D:4      | Slain by an orc

Illustrated notes

Levels and vault maps discovered:
D:1:      minmay_arrival_checkered_box, layout_basic,
          ebering_ecumenical_altar_mist, grunt_decor_mini_mirrors, hex_tiny
D:2:      minmay_chambers_of_ones, layout_basic, serial_glass, glass_columns_b,
          glass_columns_a, basic_altar, minmay_shallow_snake_nest
D:3:      layout_basic, grunt_decor_junction
D:4:      layout_cave_pods, mainiacjoe_overflow_boulevard, temple_green

Skill      XL: |  1  2  3  4  5 |
---------------+----------------+-----
Stealth        | 2 |  2.5
Maces & Flails | 3 |  3.7
Dodging        | 3 |  3.2
Fighting       | 4 |  4.2
Armour         | 1 |  1.2
Unarmed Combat | 1 |  1.1

Action                   |  1- 3 |  4- 6 || total
-------------------------+-------+-------++-------
Melee: Mace              |   117 |    67 ||   184
       Headbutt          |    10 |     7 ||    17
       Punch             |     1 |       ||     1
       Touch             |       |    11 ||    11
       Kick              |       |     3 ||     3
  Use: Scroll            |     5 |     3 ||     8
       Potion            |     4 |     1 ||     5
 Stab: Sleeping          |     7 |     3 ||    10
       Invisible         |     2 |       ||     2
       Distracted        |     1 |       ||     1
Armor: Robe              |    10 |       ||    10
       Leather armour    |    10 |    17 ||    27
Dodge: Dodged            |    81 |    46 ||   127

Table legend: (Time is in decaauts)
 A = Elapsed time spent in this place.
 B = Non-inter-level travel time spent in this place.
 C = Inter-level travel time spent in this place.
 D = Time resting spent in this place.
 E = Time spent auto-exploring this place.
 F = Levels seen in this place.
 G = Mean time per level.
                   A        B        C        D        E       F      G
               +--------+--------+--------+--------+--------+-----+--------+
         Total |   3018 |   2935 |     83 |      0 |   2386 |   4 |  754.5 |
       Dungeon |   3018 |   2935 |     83 |      0 |   2386 |   4 |  754.5 |
               +--------+--------+--------+--------+--------+-----+--------+

Top non-repeatable levels by time:
     D:1: 1217 daAuts
     D:3: 819 daAuts
     D:2: 787 daAuts
     D:4: 194 daAuts
